 Dungeon Crawl Stone Soup version 0.21.1-1-g345015f (webtiles) character file.

1969 shakethe the Reanimator (level 9, -5/70 HPs)
             Began as a Demonspawn Necromancer on Feb 24, 2018.
             Was a Believer of Okawaru.
             Slain by an orc warrior
             ... wielding a +0 halberd
              (16 damage)
             ... on level 7 of the Dungeon.
             The game lasted 00:23:08 (9626 turns).

shakethe the Reanimator (Demonspawn Necromancer)    Turns: 9626, Time: 00:23:09

Health: -5/70      AC:  4    Str:  8    XL:     9   Next: 0%
Magic:  0/12       EV: 23    Int: 21    God:    Okawaru [**....]
Gold:   379        SH:  0    Dex: 13    Spells: 5/12 levels left

rFire    . . .     SeeInvis .   p - +0 hand axe
rCold    . . .     Gourm    .   (no shield)
rNeg     . . .     Faith    .   a - +0 robe
rPois    .         Spirit   +   (no helmet)
rElec    .         Reflect  .   (no cloak)
rCorr    .         Harm     .   (no gloves)
MR       .....                  m - +1 pair of boots
Stlth    +++.......             (no amulet)
HPRegen  0.21/turn              (no ring)
MPRegen  0.13/turn              (no ring)

@: heroism, repel missiles
A: repulsion field 3, powered by death 2, magic shield
a: Heroism, Renounce Religion


You were on level 7 of the Dungeon.
You worshipped Okawaru.
Okawaru was pleased with you.
You were not hungry.

You visited 2 branches of the dungeon, and saw 8 of its levels.

You collected 379 gold pieces.

Inventory:

Hand Weapons
 d - a +0 short sword
   (You found it on level 1 of the Dungeon)
 p - a +0 hand axe (weapon)
   (You took it off an orc on level 4 of the Dungeon)
Armour
 a - a +0 robe (worn)
 m - a +1 pair of boots (worn)
   (You found it on level 2 of the Dungeon)
Jewellery
 g - an uncursed ring of ice {rC+, rF-}
   (You found it on level 3 of the Dungeon)
 k - a +3 ring of evasion {unknown}
   (You found it on level 6 of the Dungeon)
Scrolls
 e - a scroll of magic mapping {unknown}
 h - 3 scrolls of remove curse
 i - 2 scrolls of immolation {!r}
 l - 2 scrolls of teleportation
 n - a scroll of fear
 o - 4 scrolls of blinking {unknown}
 q - 2 scrolls of enchant armour {unknown}
 r - a scroll of enchant weapon {unknown}
 v - a scroll of amnesia {unknown}
 w - a scroll of identify
Potions
 f - 2 potions of flight
 j - 2 potions of curing
 s - a potion of haste
 t - 3 potions of cancellation
 u - a potion of magic
Books
 b - a book of Necromancy
Comestibles
 c - 6 rations


   Skills:
 + Level 6.3(11.3) Fighting
 + Level 3.1(8.1) Axes
 + Level 6.0(11.0) Dodging
 - Level 1.7(6.7) Stealth
 - Level 2.0 Spellcasting
 + Level 8.4 Necromancy


You had 5 spell levels left.
You knew the following spells:

 Your Spells              Type           Power        Failure   Level  Hunger
a - Pain                  Necr           ####         1%          1    #......
r - Regeneration          Chrm/Necr      ###.......   8%          3    ###....
x - Vampiric Draining     Necr           #####.....   1%          3    ###....


Dungeon Overview and Level Annotations

Branches:
Dungeon (7/15)             Temple (1/1) D:5

Altars:
Ashenzari
Dithmenos
Elyvilon
Fedhas
Gozag
Hepliaklqana
Kikubaaqudgha
Makhleb
Nemelex Xobeh
Okawaru
Sif Muna
Trog
Uskayaw
Vehumet
Wu Jian
Xom
Yredelemnul
Zin
Lugonu


Innate Abilities, Weirdness & Mutations

You are surrounded by a strong repulsion field. (EV +4, RMsl)
You regenerate health from kills.
When hurt, damage is shared between your health and your magic reserves.


Message History

The orc wizard completely misses you. Something hits you.
You take 1 damage, and have 45/64 hp.
Something hits you but does no damage. The orc wizard misses you.
You feel less confused. Something hits you. The orc wizard barely misses you.
You take 2 damage, and have 43/64 hp.
Aim: an orc wizard, wielding a dagger and wearing a robe (heavily wounded)
You kill the orc wizard!
Okawaru accepts your kill.
Your Dodging skill increases to level 6!
You feel life coursing into your body.
You hear some strange, mumbled words.
A puff of flame appears from out of thin air!
The puff of flame misses you.
You regained 4 hp, and now have 47/64 hp.
You now have 4/11 mp.
You closely miss something. Something barely misses you.
You regained 2 hp, and now have 49/64 hp.
You barely miss something. Something hits you but does no damage.
You hit something but do no damage. Something hits you but does no damage.
You regained 2 hp, and now have 52/64 hp.
You barely miss something. Something barely misses you. Something hits you.
You take 2 damage, and have 50/64 hp.
You closely miss something. Something misses you.
You miss something. Something hits you.
You take 4 damage, and have 46/64 hp.
You hit something. Something hits you but does no damage.
You hit something but do no damage. Something completely misses you.
You miss something. Something closely misses you.
You barely miss something.
Something hits you but does no damage. x2
You miss something. Something hits you but does no damage.
You barely miss something. Something hits you but does no damage.
You miss something. Something hits you.
You take 2 damage, and have 46/64 hp.
You miss something. Something hits you.
You take 1 damage, and have 45/64 hp.
You miss something.
An orc wizard appears from thin air!
Reactivating autopickup.
The orc wizard hits you with a dagger.
The orc wizard points at you and mumbles some strange words.
The magic dart hits you!
You take 9 damage, and have 36/64 hp.
You hit the orc wizard. The orc wizard closely misses you.
You barely miss the orc wizard.
The orc wizard hits you but does no damage.
You hit the orc wizard.
You kill the orc wizard!
Okawaru accepts your kill.
You have reached level 9!
Your experience leads to an increase in your attributes!
Increase (S)trength, (I)ntelligence, or (D)exterity?
You feel clever.
You regained 6 hp, and now have 43/70 hp.
Things that are here:
a dagger; a robe You regained 2 hp, and now have 45/70 hp.
Things that are here:
a war axe; a leather armour You regained 2 hp, and now have 48/70 hp.
You start resting.
You are starving!
You regained 7 hp, and now have 55/70 hp.
You regained 3 mp, and now have 9/12 mp.
You eat one of the 7 rations.
That ration really hit the spot!
You start resting.
An orc warrior comes into view. It is wielding a halberd.
The orc warrior shouts!
Aim: an orc warrior, wielding a halberd and wearing a plate armour (chance to defeat MR: 84%)
The orc warrior writhes in agony!
You take 1 damage, and have 56/70 hp.
You now have 10/12 mp.
Aim: an orc warrior, wielding a halberd and wearing a plate armour (moderately wounded, chance to defeat MR: 84%)
The orc warrior writhes in agony!
You take 1 damage, and have 56/70 hp.
You now have 9/12 mp.
Aim: an orc warrior, wielding a halberd and wearing a plate armour (heavily wounded, chance to defeat MR: 84%)
The orc warrior writhes in agony!
You take 1 damage, and have 55/70 hp.
You now have 8/12 mp.
Aim: an orc warrior, wielding a halberd and wearing a plate armour (heavily wounded, chance to defeat MR: 84%)
The orc warrior barely resists.
The orc warrior hits you from afar with a halberd!!
You take 19 damage, and have 36/70 hp.
MASSIVE DAMAGE!!
You now have 5/12 mp.
Aim: an orc warrior, wielding a halberd and wearing a plate armour (heavily wounded, chance to defeat MR: 84%)
Okay, then.
You gain the combat prowess of a mighty hero.
The orc warrior misses you.
You now have 4/12 mp.
The orc warrior misses you.
You closely miss the orc warrior. You barely miss the orc warrior.
The orc warrior hits you with a halberd!
You take 14 damage, and have 22/70 hp.
You now have 3/12 mp.
You hit the orc warrior but do no damage.
The orc warrior hits you with a halberd!
* * * LOW HITPOINT WARNING * * *
You take 11 damage, and have 11/70 hp.
You now have 2/12 mp.
You hit the orc warrior but do no damage.
You barely miss the orc warrior.
The orc warrior hits you with a halberd!!
You die...

############.########.....#
#............# #..###'###
#.######.###.#######.##.....##
#.# #.# #.........#.......# #.#
#.###.#.#..##.#._..._.# #.#
#.....#.#..##.#.......# #.#
#.#.###.#..##.######### ###.#
#.#.###.#..#.......##.#
[...######.#....@o........<....#
####(((......>##.#....#.....##.#
#.####.....##.#...##.....##.#
#.# #..#####.#......#.####.# #.#
#..####..)).###...# #.#
####.####........)..# #..## #.#
..........#####.....# #..# #†#
.....###### ##.#.## #..# #.#
.##### #.#.# #.. #.#


You could see an orc warrior.

Vanquished Creatures
  4 ice beasts
  2 ogres (D:6)
  A sky beast (D:6)
  3 centaurs
  Blork the orc (D:5)
  2 bullfrogs (D:6)
  2 scorpions
  A hound (D:7)
  A jelly (D:6)
  4 orc wizards
  3 bullfrog skeletons
  2 orc priests
  2 iguanas
  Natasha (D:2)
  5 worker ants
  A worker ant zombie (D:6)
  7 gnolls
  7 adders
  An ooze (D:1)
  2 adder skeletons (D:4)
  6 worms
  A dart slug (D:2)
  4 leopard geckos
  14 orcs
  14 bats
  3 giant cockroaches
  8 goblins
  7 hobgoblins
  5 jackals (D:4)
  6 kobolds
  3 quokkas
  6 frilled lizards
  7 rats
136 creatures vanquished.

Notes
Turn   | Place    | Note
-------+----------+-------------------------------------------
     0 | D:1      | shakethe the Demonspawn Necromancer began the quest for the Orb.
     0 | D:1      | Reached XP level 1. HP: 13/13 MP: 3/3
   243 | D:1      | Reached skill level 1 in Fighting
   263 | D:1      | Gained mutation: You are surrounded by a mild repulsion field. (EV +2) [demonic ancestry]
   263 | D:1      | Reached XP level 2. HP: 17/21 MP: 1/5
   881 | D:1      | Reached skill level 2 in Dodging
  1304 | D:2      | HP: 2/21 [worm (10)]
  1731 | D:2      | Reached XP level 3. HP: 25/26 MP: 4/6
  1835 | D:2      | HP: 4/26 [worm (7)]
  2184 | D:2      | Reached skill level 2 in Fighting
  2184 | D:2      | Reached skill level 5 in Necromancy
  2350 | D:2      | Learned a level 3 spell: Regeneration
  2368 | D:2      | Gained mutation: You regenerate a little health from kills. [demonic ancestry]
  2368 | D:2      | Reached XP level 4. HP: 31/33 MP: 4/7
  3088 | D:2      | Noticed Natasha
  3100 | D:2      | Killed Natasha
  3377 | D:2      | Learned a level 3 spell: Vampiric Draining
  3425 | D:3      | Gained mutation: You are surrounded by a moderate repulsion field. (EV +3) [demonic ancestry]
  3425 | D:3      | Reached XP level 5. HP: 39/39 MP: 8/8
  3643 | D:3      | Reached skill level 3 in Dodging
  3909 | D:3      | Found an iron altar of Okawaru.
  4395 | D:4      | Reached skill level 3 in Fighting
  4747 | D:4      | Noticed an ice beast
  4831 | D:5      | Entered Level 5 of the Dungeon
  5051 | D:5      | Noticed a centaur
  5065 | D:4      | Gained mutation: You are surrounded by a strong repulsion field. (EV +4, RMsl) [demonic ancestry]
  5065 | D:4      | Reached XP level 6. HP: 36/47 MP: 2/9
  5313 | D:5      | Found a radiant altar of Vehumet.
  5334 | D:5      | Reached skill level 6 in Necromancy
  5353 | D:5      | Noticed an ice beast
  5373 | D:4      | HP: 9/47 [gnoll (5)]
  5744 | D:5      | Noticed Blork the orc
  5779 | D:4      | HP: 6/48 [something/puff of flame (9)]
  5786 | D:5      | HP: 11/48 [something (5)]
  5796 | D:5      | Killed Blork the orc
  5796 | D:5      | Reached skill level 4 in Fighting
  5900 | D:5      | Reached skill level 4 in Dodging
  5900 | D:5      | Gained mutation: When hurt, damage is shared between your health and your magic reserves. [demonic ancestry]
  5900 | D:5      | Reached XP level 7. HP: 43/54 MP: 4/10
  6079 | D:5      | Found a shadowy altar of Dithmenos.
  6118 | D:5      | Found a shimmering altar of Xom.
  6158 | D:5      | Found an ornate altar of the Wu Jian Council.
  6174 | D:5      | Found a bloodstained altar of Trog.
  6450 | D:4      | Reached skill level 7 in Necromancy
  6886 | D:5      | Found a staircase to the Ecumenical Temple.
  6911 | Temple   | Entered the Ecumenical Temple
  7041 | D:3      | Became a worshipper of Warmaster Okawaru
  7231 | D:5      | Reached skill level 5 in Fighting
  7367 | D:6      | Reached skill level 5 in Dodging
  7367 | D:6      | Gained mutation: You regenerate health from kills. [demonic ancestry]
  7367 | D:6      | Reached XP level 8. HP: 39/62 MP: 1/11
  7483 | D:6      | Reached skill level 1 in Axes
  7607 | D:6      | Reached * piety under Okawaru
  7965 | D:6      | Reached skill level 2 in Axes
  8138 | D:6      | Reached skill level 8 in Necromancy
  8266 | D:6      | Found a blossoming altar of Fedhas.
  8581 | D:6      | Found a hazy altar of Hepliaklqana.
  8808 | D:7      | Found a glowing silver altar of Zin.
  8810 | D:7      | Found an opulent altar of Gozag.
  8861 | D:7      | Reached skill level 6 in Fighting
  9370 | D:7      | HP: 16/64 [ice beast (9)]
  9377 | D:7      | HP: 11/64 [ice beast (11)]
  9381 | D:7      | Reached ** piety under Okawaru
  9381 | D:7      | Reached skill level 3 in Axes
  9559 | D:7      | Reached skill level 6 in Dodging
  9577 | D:7      | Reached XP level 9. HP: 40/70 MP: 6/12
  9624 | D:7      | HP: 11/70 [orc warrior/halberd (12)]
  9626 | D:7      | Slain by an orc warrior

Skill      XL: |  1  2  3  4  5  6  7  8 |
---------------+-------------------------+-----
Fighting       | 1 2 3 4 5 6 |  6.3
Dodging        | 2 3 4 5 6 |  6.0
Necromancy     | 5 6 7 8 |  8.4
Axes           | 3 |  3.1
Stealth        | |  1.7
Spellcasting   | |  2.0

Action                   |  1- 3 |  4- 6 |  7- 9 || total
-------------------------+-------+-------+-------++-------
Melee: Short sword       |   122 |   244 |   146 ||   512
       Hand axe          |       |       |   278 ||   278
 Cast: Pain              |    20 |    54 |    47 ||   121
       Regeneration      |       |     3 |     5 ||     8
       Vampiric Draining |       |    13 |    25 ||    38
Invok: Heroism           |       |       |     2 ||     2
  Use: Scroll            |       |     5 |     8 ||    13
       Potion            |       |     3 |       ||     3
 Stab: Sleeping          |     1 |     5 |     1 ||     7
  Eat: Chunk             |     4 |    12 |     4 ||    20
       Ration            |       |     1 |     4 ||     5
Armor: Robe              |    19 |    54 |    72 ||   145
Dodge: Dodged            |    92 |   237 |   482 ||   811
       Deflected         |       |     3 |    11 ||    14

Vault maps used:
D:1:      giann_wishing_wells, minmay_misc_feat_cross
D:2:      first_ration, uniq_natasha
D:3:      okawaru_metal_pillars_3, roderic_batcave, columned_hall_lemuel
D:5:      lemuel_crystal_altar, nicolae_overflow_quartered_altars,
          temple_pool_b, uniq_blork_the_orc
D:6:      kennysheep_little_box, kennysheep_mini_moat
D:7:      grunt_temple_overflow_gold_and_silver
Temple:   corrupted_temple

Table legend:
 A = Turns spent in this place as a percentage of turns spent in the entire game.
 B = Non-inter-level travel turns spent in this place as a percentage of non-inter-level travel turns spent in the entire game.
 C = Inter-level travel turns spent in this place as a percentage of turns spent in this place.
 D = Turns resting spent in this place as a percentage of non-inter-level travel turns spent in this place.
 E = Turns spent auto-exploring this place as a percentage of non-inter-level travel turns spent in this place.
 F = Non-inter-level travel turns spent in this place divided by the number of levels of this place that you've seen.
                   A       B       C       D       E      F
               +-------+-------+-------+-------+-------+----------------------
         Total | 100.0 | 100.0 |   3.5 |  41.2 |  29.3 | 1160.9
       Dungeon |  99.4 |  99.5 |   3.4 |  41.4 |  29.1 | 1320.7
        Temple |   0.6 |   0.5 |  20.8 |   0.0 |  76.2 |  42.0
               +-------+-------+-------+-------+-------+----------------------

Table legend:
 A = Kills in this place as a percentage of kills in entire the game.
 B = Kills by you in this place as a percentage of kills by you in the entire game.
 C = Kills by friends in this place as a percentage of kills by friends in the entire game.
 D = Other kills in this place as a percentage of other kills in the entire game.
 E = Experience gained in this place as a percentage of experience gained in the entire game.
 F = Experience gained in this place divided by the number of levels of this place that you have seen.
                   A       B       C       D       E      F
               +-------+-------+-------+-------+-------+----------------------
         Total | 100.0 | 100.0 |   N/A |   N/A | 100.0 | 351.8
       Dungeon | 100.0 | 100.0 |   N/A |   N/A | 100.0 | 402.0
               +-------+-------+-------+-------+-------+----------------------
